 Dungeon Crawl Stone Soup version 0.20.1-1-g8b1a95d (webtiles) character file.

249 Gremour the Slasher (level 5, 0/41 HPs)
             Began as a Demonspawn Fighter on Dec 11, 2017.
             Succumbed to troglodite's ghost's poison
             ... on level 3 of the Dungeon.
             The game lasted 00:09:09 (1687 turns).

Gremour the Slasher (Demonspawn Fighter)            Turns: 1687, Time: 00:09:09

Health: 0/41       AC:  8    Str: 21    XL:     5   Next: 87%
Magic:  5/5        EV:  7    Int: 14    God:
Gold:   123        SH:  9    Dex: 14    Spells: 4/4 levels left

rFire    . . .     SeeInvis .   a - +0 long sword
rCold    + . .     Gourm    .   c - +0 shield
rNeg     + . .     Faith    .   b - +0 scale mail
rPois    .         Spirit   .   k - +0 helmet
rElec    .         Reflect  .   (no cloak)
rCorr    .         Harm     .   o - +0 pair of gloves
MR       .....                  (no boots)
Stlth    ..........             u - amulet of regeneration
Regen    0.2/turn               e - ring of positive energy
MPRegen  0.1/turn               (no ring)

@: mighty, brilliant, lethally poisoned (0 -> -1), berserk cooldown, slowed,
very slow
A: hooves 1, cold resistance 1
a: no special abilities


You were on level 3 of the Dungeon.
You were not hungry.

You visited 1 branch of the dungeon, and saw 3 of its levels.

You collected 123 gold pieces.

Inventory:

Hand Weapons
 a - a +0 long sword (weapon)
 x - a +0 spear of freezing
Armour
 b - a +0 scale mail (worn)
 c - a +0 shield (worn)
 k - a +0 helmet (worn)
 o - a +0 pair of gloves (worn)
Jewellery
 e - a ring of positive energy (left hand)
 u - an amulet of regeneration (around neck)
Scrolls
 g - a scroll of random uselessness {unknown}
 h - a scroll of immolation {unknown}
 j - a scroll of fear {unknown}
 m - a scroll of amnesia {unknown}
 n - 2 scrolls of remove curse {unknown}
 p - 2 scrolls of teleportation {unknown}
 r - 4 scrolls of enchant armour {unknown}
 v - 2 scrolls of recharging {unknown}
Potions
 d - a potion of might
 i - a potion of flight
 w - a potion of brilliance
Comestibles
 f - 3 bread rations
 s - a chunk of flesh


   Skills:
 - Level 3.0 Fighting
 + Level 5.7 Long Blades
 - Level 2.6 Armour
 - Level 2.6 Shields


You had 4 spell levels left.
You didn't know any spells.

Dungeon Overview and Level Annotations

Branches:
Dungeon (3/15)

Altars:


Innate Abilities, Weirdness & Mutations

You have large cloven feet.
Your flesh is cold resistant. (rC+)


Message History

* * * LOW HITPOINT WARNING * * *
You feel sick.
* * * LOW HITPOINT WARNING * * *
You feel sick.
Your transformation is almost over.
* * * LOW HITPOINT WARNING * * *
You feel sick.
* * * LOW HITPOINT WARNING * * *
You feel sick.
Okay, then.
There is a lethal amount of poison in your body!
* * * LOW HITPOINT WARNING * * *
You feel sick.
You feel less wooden.
Your +0 helmet unmelds from your body.
Your +0 pair of gloves unmelds from your body.
Your +0 scale mail unmelds from your body.
Okay, then.
You feel mightier all of a sudden.
You die...

.)..# #####.#
.#÷.# #.. ...
.#..##### #.# #.#
....<...####.# #.#
.............###(#
#..............(.#
.#.###.#########.#
#..# #.# #.# ##.#
#.# #@# ... ...
#†# >.. (.. #.#
......#.# ..# ..
.# #.# ..# #.# #.#


There were no monsters in sight!

Vanquished Creatures
  The ghost of troglodite the Skirmisher, an amateur DsBe of Trog (D:3)
  Jessica (D:2)
  4 adders
  An ooze (D:1)
  A dart slug (D:1)
  A leopard gecko (D:2)
  6 bats
  2 giant cockroaches (D:1)
  6 goblins
  6 hobgoblins
  4 jackals
  4 frilled lizards
  7 kobolds
  5 rats
49 creatures vanquished.

Notes
Turn   | Place    | Note
-------+----------+-------------------------------------------
     0 | D:1      | Gremour the Demonspawn Fighter began the quest for the Orb.
     0 | D:1      | Reached XP level 1. HP: 18/18 MP: 1/1
    80 | D:1      | Reached skill level 2 in Long Blades
   381 | D:1      | Gained mutation: Your flesh is cold resistant. (rC+) [demonic ancestry]
   381 | D:1      | Reached XP level 2. HP: 23/24 MP: 2/2
   596 | D:1      | Reached skill level 3 in Long Blades
   927 | D:2      | Gained mutation: You have large cloven feet. [demonic ancestry]
   927 | D:2      | Reached XP level 3. HP: 29/29 MP: 3/3
   959 | D:2      | Noticed Jessica
   964 | D:2      | Killed Jessica
  1153 | D:2      | Reached skill level 4 in Long Blades
  1153 | D:2      | Reached XP level 4. HP: 30/35 MP: 4/4
  1650 | D:3      | Noticed troglodite's ghost (amateur DsBe)
  1657 | D:3      | Killed troglodite's ghost
  1657 | D:3      | Reached skill level 5 in Long Blades
  1657 | D:3      | Reached XP level 5. HP: 20/41 MP: 5/5
  1675 | D:3      | HP: 3/61 [poisoned by troglodite's ghost]
  1680 | D:3      | HP: 1/61 [poisoned by troglodite's ghost]
  1685 | D:3      | HP: 1/61 [poisoned by troglodite's ghost]
  1687 | D:3      | Succumbed to troglodite's ghost's poison

Skill      XL: |  1  2  3  4 |
---------------+-------------+-----
Long Blades    | 2 3 4 5 |  5.7
Fighting       | |  3.0
Armour         | |  2.6
Shields        | |  2.6

Action                   |  1- 3 |  4- 6 || total
-------------------------+-------+-------++-------
Melee: Long sword        |   111 |    41 ||   152
       Kick              |     5 |    13 ||    18
  Use: Potion            |       |     7 ||     7
  Eat: Chunk             |     1 |     2 ||     3
Armor: Scale mail        |    72 |    19 ||    91
Dodge: Dodged            |    21 |     9 ||    30
Block: Shield            |    53 |    26 ||    79
       Rpst.: Long sword |     5 |     1 ||     6
